 Dungeon Crawl Stone Soup version 0.29-a0-416-g83a48905f1 (webtiles) character file.

Game seed: 10681802144623042105

2 Hubjo the Firebug (level 1, -4/10 HPs)
             Began as a Deep Elf Fire Elementalist on May 16, 2022.
             Slain by a worm (8 damage)
             ... on level 2 of the Dungeon.
             The game lasted 00:00:20 (325 turns).

Hubjo the Firebug (Deep Elf Fire Elementalist)       Turns: 325, Time: 00:00:21

Health: -4/10      AC:  2    Str:  5    XL:     1   Next: 33%
Magic:  1/6        EV: 12    Int: 19    God:
Gold:   58         SH:  0    Dex: 15    Spells: 5/6 levels left

rFire   . . .      SeeInvis .   (no weapon)
rCold   . . .      Faith    .   (no shield)
rNeg    . . .      Spirit   .   a - +0 robe
rPois   .          Reflect  .   (no helmet)
rElec   .          Harm     .   (no cloak)
rCorr   .          Rampage  .   (no gloves)
Will    .....                   (no boots)
Stlth   ++........              (no amulet)
HPRegen 0.03/turn               (no ring)
MPRegen 0.10/turn               (no ring)

@: no status effects
A: no striking features
a: no special abilities


You were on level 2 of the Dungeon.
You visited 1 branch of the dungeon, and saw 2 of its levels.

You collected 58 gold pieces.

Inventory:

Armour
 a - a +0 robe (worn)
Scrolls
 c - a scroll of fog {unknown}
 d - a scroll of identify {unknown}
Potions
 b - a potion of magic


   Skills:
 * Level 0.2 Fighting
 - Level 2.4 Dodging
 + Level 2.5 Stealth
 + Level 3.0 Spellcasting
 - Level 1.1 Conjurations
 + Level 3.3 Fire Magic


You had 5 spell levels left.
You knew the following spells:

 Your Spells              Type           Power      Damage    Failure   Level
a - Foxfire               Conj/Fire      44%        2x1d6     6%          1

Your spell library contained the following spells:

 Spells                   Type           Power      Damage    Failure   Level
 Scorch                   Fire           30%        2d7       6%          2
 Conjure Flame            Conj/Fire      11%        6-21      19%         3
 Inner Flame              Hex/Fire       9%         N/A       22%         3
 Flame Wave               Conj/Fire      11%        2d5       52%         4
 Irradiate                Conj/Tmut      2%         3d14      98%         5
 Blade Hands              Tmut           1%         N/A       99%         5
 Dragon Form              Tmut           1%         N/A       100%        7


Dungeon Overview and Level Annotations

Branches:
Dungeon (2/15)

Altars:


Message History

There is not enough space to conjure foxfire!
A worm is nearby!
There is not enough space to conjure foxfire!
A worm is nearby!
There is not enough space to conjure foxfire!
A worm is nearby!
The foxfire hits the worm.
The worm is lightly wounded.
An endoplasm comes into view.
You conjure some foxfire!
The worm closely misses you.
You conjure some foxfire!
The foxfire hits the worm.
The worm is lightly wounded.
You conjure some foxfire!
The foxfire hits the worm.
The worm is moderately wounded.
The foxfire hits the worm.
The worm is heavily wounded.
The worm closely misses you.
You conjure some foxfire!
The endoplasm quivers.
The foxfire hits the worm.
The worm is heavily wounded.
The foxfire hits the worm.
The worm is severely wounded.
You conjure some foxfire!
The worm misses you.
You are too depleted to draw on your mana recklessly!
The foxfire hits the worm.
The worm is severely wounded.
The foxfire hits the worm.
The worm is severely wounded.
The foxfire hits the worm but does no damage.
The worm is severely wounded.
The foxfire hits the worm.
The worm is almost dead.
The worm bites you.
Ouch! That really hurt!
You are too injured to fight recklessly!
You are too injured to fight recklessly!
The worm bites you!
Ouch! That really hurt!
You die...

#...#.#.........###
#...#...........#
#...#.#...........<
#####...###........##.#
........................
########.###.#.######..
...# #.#... ...
#######.####.# ..
#@....# # ......w..#.##
....J..$.#.# ..........
# #..####.### #. ..# #
###


You could see a worm and an endoplasm.

Vanquished Creatures
  4 bats
4 creatures vanquished.

Vanquished Creatures (others)
  39 foxfires
39 creatures vanquished.

Grand Total: 43 creatures vanquished

Notes
Turn   | Place    | Note
-------+----------+-------------------------------------------
     0 | D:1      | Hubjo the Deep Elf Fire Elementalist began the quest for
                  | the Orb.
     0 | D:1      | Reached XP level 1. HP: 10/10 MP: 6/6
   178 | D:1      | You fall into a shaft and drop 1 floor!
   325 | D:2      | Slain by a worm

Illustrated notes

Levels and vault maps discovered:
D:1:      dpeg_arrival_rooms_a, layout_basic, minmay_tree_intersection
D:2:      layout_basic, wander_ebering_terrifying_dragon_lair

Action                   || total
-------------------------++-------
 Cast: Foxfire           ||    23
Armor: Robe              ||     1
Dodge: Dodged            ||     5

Table legend: (Time is in decaauts)
 A = Elapsed time spent in this place.
 B = Non-inter-level travel time spent in this place.
 C = Inter-level travel time spent in this place.
 D = Time resting spent in this place.
 E = Time spent auto-exploring this place.
 F = Levels seen in this place.
 G = Mean time per level.
                   A        B        C        D        E       F      G
               +--------+--------+--------+--------+--------+-----+--------+
         Total |    324 |    324 |      0 |      0 |    275 |   2 |  162.0 |
       Dungeon |    324 |    324 |      0 |      0 |    275 |   2 |  162.0 |
               +--------+--------+--------+--------+--------+-----+--------+

Top non-repeatable levels by time:
     D:1: 178 daAuts
     D:2: 146 daAuts
